TOP OF THE 1ST |
Louisville Bats batting - Pitching for El Paso Chihuahuas : RHP Justin Jones
|
Pitching: RHP Justin Jones
|
|
Batting: RHB Won-jun Park
|
0-0: Foul Ball, location: 2F 0-1: Swinging Strike 0-2: Ball 1-2: Strikes out swinging
|
Batting: LHB Jared Paige
|
0-0: Ball 1-0: SOLO HOME RUN (Flyball, 7D, EV 100.0 MPH), Distance : 393 ft
|
Batting: RHB Bruno André
|
0-0: Ball 1-0: Ground out 1-3 (Groundball, 13S, EV 66.9 MPH)
|
Batting: RHB Juan Reyes
|
0-0: Foul Ball, location: 2F 0-1: Ball 1-1: Swinging Strike 1-2: Ball 2-2: Ball 3-2: Foul Ball, location: 2F 3-2: Ground out 6-3 (Groundball, 56, EV 100.6 MPH)
|
Top of the 1st over - 1 run, 1 hit, 0 errors, 0 left on base; Louisville 1 - El Paso 0 |
BOTTOM OF THE 1ST |
El Paso Chihuahuas batting - Pitching for Louisville Bats : RHP Matt Johnson
|
Pitching: RHP Matt Johnson
|
|
Batting: LHB Angel Mejia
|
0-0: Ball 1-0: Ball 2-0: Ball 3-0: Base on Balls
|
Batting: RHB Jeff Brower
|
0-0: Foul Ball, location: 2F 0-1: Swinging Strike 0-2: Foul Ball, location: 2F 0-2: Ball 1-2: Ball 2-2: Ball 3-2: Base on Balls Angel Mejia to second
|
Batting: RHB Mike Hayward
|
0-0: Grounds into double play, 4-6-3 (Groundball, 4M, EV 97.5 MPH) Angel Mejia to third
|
Batting: SHB Adam Martin
|
0-0: Ball 1-0: Ball 2-0: Ground out 4-3 (Groundball, 4, EV 86.9 MPH)
|
Bottom of the 1st over - 0 runs, 0 hits, 0 errors, 1 left on base; Louisville 1 - El Paso 0 |
TOP OF THE 2ND |
Louisville Bats batting - Pitching for El Paso Chihuahuas : RHP Justin Jones
|
Batting: RHB Jonathan Robies
|
0-0: Ball 1-0: Swinging Strike 1-1: Foul Ball, location: 2F 1-2: Ball 2-2: Ball 3-2: Foul Ball, location: 2F 3-2: Strikes out swinging
|
Batting: LHB Leo Gomez
|
0-0: Ball 1-0: Ball 2-0: Fly out, F9 (Flyball, 9, EV 91.9 MPH)
|
Batting: SHB Paul Sandoval
|
0-0: Fly out, F8 (Flyball, 8RXD, EV 106.2 MPH)
|
Top of the 2nd over - 0 runs, 0 hits, 0 errors, 0 left on base; Louisville 1 - El Paso 0 |
BOTTOM OF THE 2ND |
El Paso Chihuahuas batting - Pitching for Louisville Bats : RHP Matt Johnson
|
Batting: RHB Andy Sheridan
|
0-0: Ball 1-0: Foul Ball, location: 2F 1-1: Ground out U3 (Groundball, 34, EV 76.9 MPH)
|
Batting: RHB Dave Cluster
|
0-0: Ball 1-0: Called Strike 1-1: Ball 2-1: Ball 3-1: Foul Ball, location: 2F 3-2: Foul Ball, location: 2F 3-2: Base on Balls
|
Batting: RHB Danny Bunn
|
0-0: Called Strike 0-1: Ball 1-1: Foul Ball, location: 2F 1-2: SINGLE (Line Drive, 9S, EV 86.9 MPH) Dave Cluster to second Runner from 2nd tries for 3rd, OUT! 9-5
|
Batting: LHB Rich Atterberry
|
0-0: Called Strike 0-1: Ball 1-1: Ball 2-1: SINGLE (Groundball, 6MD, EV 110.0 MPH) Danny Bunn to second Throwing error, E8 Danny Bunn scores Rich Atterberry to second
|
Batting: SHB Harrison McLaughlin
|
0-0: Ball 1-0: Ground out 3-1 (Groundball, 34, EV 107.5 MPH)
|
Bottom of the 2nd over - 1 run, 2 hits, 1 error, 1 left on base; Louisville 1 - El Paso 1 |
TOP OF THE 3RD |
Louisville Bats batting - Pitching for El Paso Chihuahuas : RHP Justin Jones
|
Batting: SHB Freddie Farrar
|
0-0: Foul Ball, location: 2F 0-1: Swinging Strike 0-2: Ball 1-2: Ball 2-2: Strikes out swinging
|
Batting: RHB Danny Real
|
0-0: Ball 1-0: Ball 2-0: Ball 3-0: Called Strike 3-1: Ground out 5-3 (Groundball, 56, EV 82.5 MPH)
|
Batting: RHB Won-jun Park
|
0-0: Fly out, F8 (Flyball, 8RM, EV 83.1 MPH)
|
Top of the 3rd over - 0 runs, 0 hits, 0 errors, 0 left on base; Louisville 1 - El Paso 1 |
BOTTOM OF THE 3RD |
El Paso Chihuahuas batting - Pitching for Louisville Bats : RHP Matt Johnson
|
Batting: LHB Angel Mejia
|
0-0: Called Strike 0-1: Called Strike 0-2: Ball 1-2: Ground out 4-3 (Groundball, 4, EV 90.0 MPH)
|
Batting: RHB Jeff Brower
|
0-0: Called Strike 0-1: Foul Ball, location: 2F 0-2: DOUBLE (Flyball, 78XD, EV 102.5 MPH)
|
Batting: RHB Mike Hayward
|
0-0: Swinging Strike 0-1: Foul Ball, location: 2F 0-2: Strikes out swinging
|
Batting: SHB Adam Martin
|
0-0: Foul Ball, location: 2F 0-1: Ball 1-1: Ball 2-1: Foul Ball, location: 2F 2-2: TRIPLE (Line Drive, 9LD, EV 106.9 MPH) Jeff Brower scores
|
Batting: RHB Andy Sheridan
|
0-0: Called Strike 0-1: Called Strike 0-2: Foul Ball, location: 2F 0-2: Foul Ball, location: 2F 0-2: Ground out 4-3 (Groundball, 34, EV 91.2 MPH)
|
Bottom of the 3rd over - 1 run, 2 hits, 0 errors, 1 left on base; Louisville 1 - El Paso 2 |
TOP OF THE 4TH |
Louisville Bats batting - Pitching for El Paso Chihuahuas : RHP Justin Jones
|
Batting: LHB Jared Paige
|
0-0: Ball 1-0: Swinging Strike 1-1: Foul Ball, location: 2F 1-2: Foul Ball, location: 2F 1-2: Ground out 5-3 (Groundball, 56, EV 91.2 MPH)
|
Batting: RHB Bruno André
|
0-0: Called Strike 0-1: Ball 1-1: Ball 2-1: Called Strike 2-2: Foul Ball, location: 2F 2-2: Foul Ball, location: 2F 2-2: Foul Ball, location: 2F 2-2: Ball 3-2: Reached on error, E6 (Groundball, 6, EV 87.5 MPH)
|
Batting: RHB Juan Reyes
|
0-0: Called Strike 0-1: Called Strike 0-2: Foul Ball, location: 2F 0-2: Ball 1-2: Foul Ball, location: 2F 1-2: Ball 2-2: Ball 3-2: Foul Ball, location: 2F 3-2: SINGLE (Groundball, 56, EV 102.5 MPH) (infield hit) Bruno André to third
|
Batting: RHB Jonathan Robies
|
0-0: Grounds into double play, 4-6-3 (Groundball, 34, EV 98.8 MPH)
|
Top of the 4th over - 0 runs, 1 hit, 1 error, 1 left on base; Louisville 1 - El Paso 2 |
BOTTOM OF THE 4TH |
El Paso Chihuahuas batting - Pitching for Louisville Bats : RHP Matt Johnson
|
Batting: RHB Dave Cluster
|
0-0: Ground out 1-3 (Groundball, 13, EV 75.6 MPH)
|
Batting: RHB Danny Bunn
|
0-0: Called Strike 0-1: SINGLE (Flyball, 8RS, EV 87.5 MPH)
|
Batting: LHB Rich Atterberry
|
0-0: Ball 1-0: Ball 2-0: Foul Ball, location: 2F 2-1: Foul Ball, location: 2F 2-2: Foul Ball, location: 2F 2-2: Strikes out swinging
|
Batting: SHB Harrison McLaughlin
|
0-0: Ball 1-0: Ball 2-0: Ball 3-0: Base on Balls Danny Bunn to second
|
Batting: LHB Angel Mejia
|
0-0: Foul Ball, location: 2F 0-1: Foul Ball, location: 2F 0-2: Foul Ball, location: 2F 0-2: Ball 1-2: Ground out 4-3 (Groundball, 4, EV 80.6 MPH)
|
Bottom of the 4th over - 0 runs, 1 hit, 0 errors, 2 left on base; Louisville 1 - El Paso 2 |
TOP OF THE 5TH |
Louisville Bats batting - Pitching for El Paso Chihuahuas : RHP Justin Jones
|
Batting: LHB Leo Gomez
|
0-0: Called Strike 0-1: Ground out 6-3 (Groundball, 6, EV 79.4 MPH)
|
Batting: SHB Paul Sandoval
|
0-0: Swinging Strike 0-1: Ball 1-1: Foul Ball, location: 2F 1-2: Ground out 6-3 (Groundball, 6, EV 81.9 MPH)
|
Batting: SHB Freddie Farrar
|
0-0: Called Strike 0-1: Swinging Strike 0-2: Foul Ball, location: 2F 0-2: Foul Ball, location: 2F 0-2: Ball 1-2: Ball 2-2: Fly out, F8 (Flyball, 8LS, EV 85.6 MPH)
|
Top of the 5th over - 0 runs, 0 hits, 0 errors, 0 left on base; Louisville 1 - El Paso 2 |
BOTTOM OF THE 5TH |
El Paso Chihuahuas batting - Pitching for Louisville Bats : RHP Matt Johnson
|
Batting: RHB Jeff Brower
|
0-0: Ball 1-0: Ball 2-0: SINGLE (Line Drive, 89S, EV 104.4 MPH)
|
Batting: RHB Mike Hayward
|
0-0: Ball 1-0: Ball 2-0: Called Strike 2-1: Swinging Strike 2-2: Ball 3-2: Fly out, F9 (Flyball, 9, EV 73.8 MPH)
|
Batting: SHB Adam Martin
|
0-0: Ball 1-0: Foul Ball, location: 2F 1-1: Grounds into double play, 2-4-3 (Groundball, 2L, EV 73.8 MPH)
|
Bottom of the 5th over - 0 runs, 1 hit, 0 errors, 0 left on base; Louisville 1 - El Paso 2 |
TOP OF THE 6TH |
Louisville Bats batting - Pitching for El Paso Chihuahuas : RHP Justin Jones
|
Batting: RHB Danny Real
|
0-0: Ball 1-0: Called Strike 1-1: Ball 2-1: Foul Ball, location: 2F 2-2: Strikes out looking
|
Batting: RHB Won-jun Park
|
0-0: Called Strike 0-1: Called Strike 0-2: Strikes out swinging
|
Batting: LHB Jared Paige
|
0-0: Ball 1-0: Called Strike 1-1: Swinging Strike 1-2: Foul Ball, location: 2F 1-2: Ball 2-2: Foul Ball, location: 2F 2-2: Foul Ball, location: 2F 2-2: Ground out 4-3 (Groundball, 4M, EV 86.2 MPH)
|
Top of the 6th over - 0 runs, 0 hits, 0 errors, 0 left on base; Louisville 1 - El Paso 2 |
BOTTOM OF THE 6TH |
El Paso Chihuahuas batting - Pitching for Louisville Bats : RHP Matt Johnson
|
Batting: RHB Andy Sheridan
|
0-0: Foul Ball, location: 2F 0-1: Foul Ball, location: 2F 0-2: Ball 1-2: Ground out 6-3 (Groundball, 6S, EV 85.0 MPH)
|
Batting: RHB Dave Cluster
|
0-0: SINGLE (Line Drive, 8LS, EV 87.5 MPH)
|
Batting: RHB Danny Bunn
|
0-0: SINGLE (Groundball, 25, EV 58.1 MPH) (infield hit) Dave Cluster to second
|
Batting: LHB Rich Atterberry
|
0-0: Called Strike 0-1: Ball 1-1: Ball 2-1: Called Strike 2-2: Strikes out looking
|
Batting: SHB Harrison McLaughlin
|
0-0: Called Strike 0-1: Ball 1-1: SINGLE (Groundball, 4D, EV 105.6 MPH) Dave Cluster to third Danny Bunn to second Runner from 3rd tries for Home, SAFE, throw by RF to home
|
Pitching: RHP Ragnar Alqvist
|
|
Batting: LHB Angel Mejia
|
0-0: Reached on error, E4 (Groundball, 4, EV 89.4 MPH) Danny Bunn to third Harrison McLaughlin to second
|
Batting: RHB Jeff Brower
|
0-0: Foul Ball, location: 2F 0-1: Fly out, F6 (Popup, 15S, EV 80.6 MPH)
|
Bottom of the 6th over - 1 run, 3 hits, 1 error, 3 left on base; Louisville 1 - El Paso 3 |
TOP OF THE 7TH |
Louisville Bats batting - Pitching for El Paso Chihuahuas : RHP Justin Jones
|
Batting: RHB Bruno André
|
0-0: Ball 1-0: Ball 2-0: Foul Ball, location: 2F 2-1: Ball 3-1: Base on Balls
|
Pitching: RHP Ludo Argo
|
|
Batting: RHB Juan Reyes
|
0-0: Ball 1-0: Ball 2-0: Ball 3-0: Called Strike 3-1: Called Strike 3-2: SINGLE (Line Drive, 6D, EV 96.2 MPH) Bruno André to second
|
Batting: RHB Jonathan Robies
|
0-0: Called Strike 0-1: Swinging Strike 0-2: Strikes out swinging
|
Batting: LHB Leo Gomez
|
0-0: Foul Ball, location: 2F 0-1: Called Strike 0-2: Grounds into double play, 6-4-3 (Groundball, 56, EV 80.0 MPH)
|
Top of the 7th over - 0 runs, 1 hit, 0 errors, 1 left on base; Louisville 1 - El Paso 3 |
BOTTOM OF THE 7TH |
El Paso Chihuahuas batting - Pitching for Louisville Bats : RHP Ragnar Alqvist
|
Batting: RHB Mike Hayward
|
0-0: Called Strike 0-1: Ball 1-1: Fly out, F6 (Popup, 6, EV 66.2 MPH)
|
Batting: SHB Adam Martin
|
0-0: Called Strike 0-1: Ball 1-1: Foul Ball, location: 2F 1-2: Foul Ball, location: 2F 1-2: Ball 2-2: Ball 3-2: Fly out, F9 (Flyball, 89M, EV 86.9 MPH)
|
Batting: RHB Andy Sheridan
|
0-0: Ball 1-0: Swinging Strike 1-1: Fly out, F3 (Line Drive, 34, EV 75.0 MPH)
|
Bottom of the 7th over - 0 runs, 0 hits, 0 errors, 0 left on base; Louisville 1 - El Paso 3 |
TOP OF THE 8TH |
Louisville Bats batting - Pitching for El Paso Chihuahuas : RHP Ludo Argo
|
Batting: SHB Paul Sandoval
|
0-0: Ball 1-0: Called Strike 1-1: Ball 2-1: DOUBLE (Line Drive, 3D, EV 103.8 MPH)
|
Batting: SHB Freddie Farrar
|
0-0: DOUBLE (Flyball, 8RXD, EV 96.2 MPH) Paul Sandoval scores
|
Batting: RHB Danny Real
|
0-0: Swinging Strike 0-1: Ball 1-1: Ball 2-1: Foul Ball, location: 2F 2-2: Foul Ball, location: 2F 2-2: Foul Ball, location: 2F 2-2: Strikes out swinging
|
Batting: RHB Won-jun Park
|
0-0: Ball 1-0: Foul Ball, location: 2F 1-1: Ball 2-1: Foul Ball, location: 2F 2-2: Ball 3-2: Strikes out swinging
|
Pitching: LHP Shelby Rich
|
|
Pinch Hitting: RHB D.J. McManigle
|
0-0: Ball 1-0: Called Strike 1-1: Swinging Strike 1-2: Fly out, F2 (Popup, 2R, EV 95.0 MPH)
|
Top of the 8th over - 1 run, 2 hits, 0 errors, 1 left on base; Louisville 2 - El Paso 3 |
BOTTOM OF THE 8TH |
El Paso Chihuahuas batting - Pitching for Louisville Bats : RHP Ragnar Alqvist
|
Now in LF: Steve Bauman
|
|
Batting: RHB Dave Cluster
|
0-0: Ground out 6-3 (Groundball, 6, EV 82.5 MPH)
|
Batting: RHB Danny Bunn
|
0-0: Ball 1-0: Swinging Strike 1-1: Ground out 6-3 (Groundball, 6, EV 100.0 MPH)
|
Batting: LHB Rich Atterberry
|
0-0: Called Strike 0-1: Ball 1-1: Ball 2-1: Ground out 5-3 (Groundball, 56, EV 101.2 MPH)
|
Bottom of the 8th over - 0 runs, 0 hits, 0 errors, 0 left on base; Louisville 2 - El Paso 3 |
TOP OF THE 9TH |
Louisville Bats batting - Pitching for El Paso Chihuahuas : LHP Shelby Rich
|
Pitching: RHP Jose Ramos
|
|
Batting: RHB Bruno André
|
0-0: Called Strike 0-1: Foul Ball, location: 2F 0-2: Ball 1-2: Ground out 6-3 (Groundball, 6, EV 87.5 MPH)
|
Batting: RHB Juan Reyes
|
0-0: Ball 1-0: Ball 2-0: Called Strike 2-1: Ball 3-1: Swinging Strike 3-2: Ground out 5-3 (Groundball, 56S, EV 79.4 MPH)
|
Batting: RHB Jonathan Robies
|
0-0: Fly out, F9 (Flyball, 9LM, EV 95.6 MPH)
|
Top of the 9th over - 0 runs, 0 hits, 0 errors, 0 left on base; Louisville 2 - El Paso 3 |
|